 Dungeon Crawl Stone Soup version 0.31-a0-654-gbe3e110b4e (webtiles) character file.

Game seed: 6507144330821235096

1432 thirtiethelement the Grave Robber (level 8, 0/50 HPs)
             Began as a Demonspawn Necromancer on Aug 29, 2023.
             Was a Follower of Hepliaklqana.
             Slain by Blork the orc
             ... wielding a +0 scimitar
              (14 damage)
             ... on level 5 of the Dungeon.
             The game lasted 00:17:13 (5440 turns).

thirtiethelement the Grave Robber (DsNe)            Turns: 5440, Time: 00:17:15

Health: 0/50       AC:  5    Str:  8    XL:     8   Next: 45%
Magic:  9/15       EV:  9    Int: 19    God:    Hepliaklqana [*.....]
Gold:   213        SH:  8    Dex: 14    Spells: 12/16 levels left

rFire   . . .        i - +3 rapier (protect)
rCold   . . .        A - +0 kite shield
rNeg    . . .        f - +0 leather armour
rPois   .            (no helmet)
rElec   .            (no cloak)
rCorr   .            (no gloves)
SInv    .            (no boots)
Will    +....        j - amulet of the acrobat
Stlth   ++           u - ring of willpower
HPRegen 0.28/turn    (no ring)
MPRegen 0.28/turn

%: acrobat
@: no status effects
A: reduced essence, claws 1, molten scales 1, powered by pain 1, magic
regeneration
a: Renounce Religion, Recall Ancestor, Ancestor Identity


You were on level 5 of the Dungeon.
You worshipped Hepliaklqana.
Hepliaklqana was aware of your devotion.
You visited 2 branches of the dungeon, and saw 7 of its levels.
You also visited: Sewer.

You collected 213 gold pieces.

Inventory:

Hand Weapons
 i - a +3 rapier of protection (weapon)
 n - a +4 arbalest
Missiles
 a - 15 poisoned darts (quivered)
Armour
 f - a +0 leather armour (worn)
 o - a +2 chain mail of fire resistance
 A - a +0 kite shield (worn)
Jewellery
 j - an amulet of the acrobat (around neck)
 u - a ring of willpower (left claw)
Wands
 b - a wand of flame (17)
 d - a wand of quicksilver (12)
Scrolls
 e - a scroll of fog
 k - 2 scrolls of teleportation
 l - 3 scrolls of revelation {unknown}
 p - 3 scrolls of immolation
 q - 2 scrolls of enchant armour {unknown}
 r - a scroll of torment
 s - a scroll of blinking
 t - a scroll of fear
Potions
 c - 3 potions of curing
 g - 2 potions of heal wounds
 h - a potion of invisibility {unknown}
 m - a potion of enlightenment {unknown}
 v - a potion of resistance {unknown}
 w - 3 potions of mutation {unknown}
 x - a potion of haste {unknown}
 z - a potion of might {unknown}


   Skills:
 + Level 2.0 Fighting
 * Level 5.1 Short Blades
 + Level 0.5 Throwing
 + Level 2.2 Armour
 + Level 2.6 Dodging
 + Level 2.5 Stealth
 + Level 1.2 Shields
 + Level 4.9 Spellcasting
 + Level 7.0 Necromancy


You had 12 spell levels left.
You knew the following spells:

 Your Spells              Type           Power      Damage    Failure   Level
a - Necrotise             Necr           100%       1d9       7%          1
b - Vampiric Draining     Necr           31%        2d8       21%         3

Your spell library contained the following spells:

 Spells                   Type           Power      Damage    Failure   Level
 Animate Dead             Necr           31%        N/A       56%         4
 Agony                    Necr           31%        N/A       88%         5


Dungeon Overview and Level Annotations

Branches:
Dungeon (6/15)             Temple (1/1) D:4           Sewer (visited)

Altars:
Ashenzari
Cheibriados
Fedhas
Gozag
Hepliaklqana
Kikubaaqudgha
Nemelex Xobeh
Ru
Trog
Uskayaw
Vehumet
Wu Jian
Xom

Shops:
D:6 (

Annotations:
D:5 Blork the orc


Innate Abilities, Weirdness & Mutations

Your life essence is reduced to manifest your ancestor. (-10% HP)
You have sharp fingernails.
You are partially covered in molten scales. (AC +2)
You sometimes gain a little power by taking damage.
You regenerate magic rapidly.


Message History

Aim: Blork the orc, wielding a +0 scimitar and wearing a +1 robe of resistance (lightly wounded, fast, ally target)
You draw life force from Blork the orc.
You feel life coursing into your body.
Blork the orc hits you with a +0 scimitar!
Your orc wizard skeleton barely misses Blork the orc.
Your orc skeleton closely misses Blork the orc.
Something hits your orc skeleton.
Blork the orc attacks as he pursues you!
Blork the orc misses you.
Your orc wizard skeleton hits Blork the orc but does no damage.
Something hits your orc skeleton. Blork the orc closely misses you.
Blork the orc attacks as he pursues you!
Blork the orc misses you.
Something hits your orc wizard skeleton.
Blork the orc attacks as he pursues you!
Blork the orc completely misses you.
A puff of flame appears from out of thin air!
The puff of flame hits your orc skeleton!
Your orc skeleton is destroyed!
You block Blork the orc's attack.
Blork the orc attacks as he pursues you!
Blork the orc misses you. Blork the orc closely misses you.
A magic dart appears from out of thin air!
The magic dart hits your orc wizard skeleton.
There is a stone staircase leading up here.
Blork the orc points at you and mumbles some strange words.
The puff of flame hits you!
* * * LOW HITPOINT WARNING * * *
You focus on the pain.
You feel your power returning. Blork the orc barely misses you.
You climb upwards.
Reactivating autopickup.
There is a stone staircase leading down here.
Casting: Vampiric Draining (dangerous; 21% risk of failure)
Confirm with . or Enter, or press ? or * to list all spells.
Aiming: Vampiric Draining (dangerous; 21% risk of failure)
Press: ? - help, Shift-Dir - straight line, f - Blork the orc
Aim: Blork the orc, wielding a +0 scimitar and wearing a +1 robe of resistance (moderately wounded, fast)
You draw life force from Blork the orc!
You feel life coursing into your body.
Blork the orc hits you with a +0 scimitar!
You die...

#....#.# #..###.#
#..###.# #......#
#.###### #.# #.########
#........# ########
...#####.# #...@o.#
##.......# ##.####.#
#.......# #.......##
#.......# #.R#....<#
#.......###..#.#...#
#.......R.)....#..>#
##.......###........#####
.#.......###.####.#.#...#
R###......#.......#.....#


You could see Blork the orc (fast).

Vanquished Creatures
  An ice beast (D:5)
  An ogre (D:5)
  A centaur (D:6)
  A phantom (D:5)
  3 bullfrogs
  A scorpion (D:6)
  2 hounds
  An orc priest (D:5)
  A jelly (D:4)
  An iguana (D:5)
  Terence (D:3)
  A sleepcap (D:4)
  An orc wizard (D:6)
  2 gnolls (D:6)
  5 adders
  5 river rats
  A white imp (D:5)
  4 worms
  13 orcs
  14 ball pythons
  8 bats
  2 bat zombies (D:4)
  7 endoplasms
  5 giant cockroaches
  8 goblins
  8 hobgoblins
  2 jackals (D:1)
  4 quokkas (D:2)
  2 frilled lizards
  10 kobolds
  20 rats
  A rat zombie (D:4)
137 creatures vanquished.

Vanquished Creatures (collateral kills)
  Grinder (D:6)
  A gnoll sergeant (D:6)
  2 orc priests (D:6)
  An iguana (D:5)
  A gnoll (D:6)
  2 adders (Sewer)
  An orc (D:6)
  A ball python (D:2)
  A giant cockroach (D:4)
  A hobgoblin (D:1)
  A kobold (D:2)
13 creatures vanquished.

Vanquished Creatures (others)
  An ancestor (D:6)
1 creature vanquished.

Grand Total: 151 creatures vanquished

Notes
Turn   | Place    | Note
-------+----------+-------------------------------------------
     0 | D:1      | thirtiethelement the Demonspawn Necromancer began the quest
                  | for the Orb.
     0 | D:1      | Reached XP level 1. HP: 13/13 MP: 3/3
   345 | D:1      | Gained mutation: You sometimes gain a little power by
                  | taking damage. [demonic ancestry]
   345 | D:1      | Reached XP level 2. HP: 19/19 MP: 1/5
   364 | D:1      | Reached skill level 5 in Necromancy
   987 | D:2      | Gained mutation: You are partially covered in molten
                  | scales. (AC +2) [demonic ancestry]
   987 | D:2      | Reached XP level 3. HP: 16/24 MP: 6/6
  1128 | D:2      | Learned a level 3 spell: Vampiric Draining
  1369 | D:2      | Found a faded altar of an unknown god.
  1580 | D:3      | Noticed Terence
  1587 | D:3      | Killed Terence
  1681 | D:3      | Gained mutation: You have sharp fingernails. [demonic
                  | ancestry]
  1681 | D:3      | Reached XP level 4. HP: 29/30 MP: 7/7
  1766 | D:3      | Reached skill level 1 in Short Blades
  2267 | D:4      | Found a sacrificial altar of Ru.
  2267 | D:4      | Found an ornate altar of the Wu Jian Council.
  2268 | D:4      | Found an opulent altar of Gozag.
  2504 | D:4      | Reached XP level 5. HP: 23/36 MP: 6/9
  2507 | D:4      | Found a staircase to the Ecumenical Temple.
  2514 | Temple   | Found a transporter.
  2514 | Temple   | Found a transporter.
  2514 | Temple   | Found a transporter.
  2514 | Temple   | Found a transporter.
  2514 | Temple   | Entered the Ecumenical Temple
  2625 | D:4      | Found a glowing drain.
  2654 | Sewer    | Entered a sewer
  2912 | Sewer    | Reached XP level 6. HP: 27/42 MP: 2/10
  3017 | Sewer    | Reached skill level 1 in Armour
  3612 | Temple   | Became a worshipper of Hepliaklqana the Forgotten
  3648 | D:4      | Found an ancient bone altar of Kikubaaqudgha.
  3914 | D:5      | Entered Level 5 of the Dungeon
  4038 | D:5      | Reached skill level 1 in Fighting
  4140 | D:5      | Gained mutation: You regenerate magic rapidly. [demonic
                  | ancestry]
  4140 | D:5      | Reached XP level 7. HP: 36/48 MP: 12/12
  4424 | D:5      | Reached skill level 6 in Necromancy
  4577 | D:5      | Reached * piety under Hepliaklqana
  5090 | D:6      | Reached XP level 8. HP: 46/48 MP: 14/14
  5291 | D:6      | Found Afybet's Weapon Emporium.
  5296 | D:6      | Noticed Grinder
  5310 | D:6      | Killed Grinder
  5311 | D:6      | Reached skill level 5 in Short Blades
  5311 | D:6      | Reached skill level 1 in Shields
  5411 | D:6      | Noticed Blork the orc
  5431 | D:6      | Reached skill level 7 in Necromancy
  5440 | D:5      | Slain by Blork the orc

Illustrated notes

Levels and vault maps discovered:
D:1:      saegor_arrival_simple_b, layout_basic, serial_bayou_pond_b
D:2:      layout_basic, chequers_ecumenical_altar_simple_redux
D:3:      layout_basic, amcnicky_mini_pool_small, minmay_cupped, uniq_terence
D:4:      layout_basic, gammafunk_temple_overflow_forgotten,
          lemuel_zombie_altar_kikubaaqudgha, minmay_temple_entry_slanted,
          serial_bayou, serial_bayou_ford_a, serial_bayou_pond_b,
          serial_bayou_pond_e, serial_bayou_lagoon_a, portal_sewer_entry_b
D:5:      layout_loops_cross, mainiacjoe_overflow_surrounded_room,
          minmay_misc_feat_iff, chequers_serial_rivers_room_a
D:6:      layout_rooms, mainiacjoe_overflow_cross_hatched, serial_shops, shop,
          hangedman_abyss_or_decor_lesser_grid, kennysheep_small_spiral,
          uniq_blork_the_orc, uniq_grinder
Temple:   hellmonk_temple_divided_pantheon

Skill      XL: |  1  2  3  4  5  6  7  8 |
---------------+-------------------------+-----
Necromancy     | 5 6 7 |  7.0
Short Blades   | 2 3 4 5 |  5.1
Dodging        | 2 |  2.6
Stealth        | 2 |  2.5
Spellcasting   | 3 4 |  4.9
Armour         | 1 2 |  2.2
Fighting       | 1 2 |  2.0
Shields        | 1 |  1.2
Throwing       | |  0.5

Action                     |  1- 3 |  4- 6 |  7- 9 || total
---------------------------+-------+-------+-------++-------
  Melee: Rapier            |    60 |   215 |    62 ||   337
         Punch             |     1 |     1 |     1 ||     3
  Throw: Dart              |       |     4 |     7 ||    11
   Cast: Necrotise         |    23 |    40 |    16 ||    79
         Vampiric Draining |     3 |     7 |    20 ||    30
    Use: Potion            |     1 |     1 |       ||     2
         Scroll            |       |     9 |     2 ||    11
   Stab: Distracted        |     1 |       |       ||     1
         Sleeping          |     1 |     4 |     1 ||     6
 Armour: Leather armour    |    22 |    96 |    28 ||   146
  Dodge: Dodged            |    45 |   223 |    57 ||   325
  Block: Kite shield       |       |       |    33 ||    33

Table legend: (Time is in decaauts)
 A = Elapsed time spent in this place.
 B = Non-inter-level travel time spent in this place.
 C = Inter-level travel time spent in this place.
 D = Time resting spent in this place.
 E = Time spent auto-exploring this place.
 F = Levels seen in this place.
 G = Mean time per level.
                   A        B        C        D        E       F      G
               +--------+--------+--------+--------+--------+-----+--------+
         Total |   5548 |   5397 |    151 |    265 |   3717 |   8 |  693.5 |
       Dungeon |   4823 |   4672 |    151 |    186 |   3337 |   6 |  803.8 |
        Temple |     45 |     45 |      0 |      0 |      0 |   1 |   45.0 |
         Sewer |    680 |    680 |      0 |     79 |    380 |   1 |  680.0 |
               +--------+--------+--------+--------+--------+-----+--------+

Top non-repeatable levels by time:
     D:4: 1152 daAuts
     D:5: 917 daAuts
     D:1: 758 daAuts
     D:2: 755 daAuts
     D:3: 718 daAuts
   Sewer: 680 daAuts
     D:6: 520 daAuts
  Temple: 45 daAuts
